 Dungeon Crawl Stone Soup version 0.25.0-1-g7eea58d2a3 (webtiles) character file.

Game seed: 4051617491429241841

501 Peloso the Skirmisher (level 6, 0/49 HPs)
             Began as a Demonspawn Fighter on June 13, 2020.
             Hit by a boomerang thrown by an orc (1 damage)
             ... on level 4 of the Dungeon.
             The game lasted 00:08:13 (2650 turns).

Peloso the Skirmisher (Demonspawn Fighter)          Turns: 2650, Time: 00:08:13

Health: 0/49       AC: 15    Str: 21    XL:     6   Next: 95%
Magic:  6/6        EV:  5    Int: 10    God:
Gold:   144        SH:  9    Dex: 12    Spells: 5/5 levels left

rFire    . . .     SeeInvis .   a - +0 long sword
rCold    . . .     Gourm    .   c - +0 kite shield
rNeg     . . .     Faith    .   q - +0 chain mail
rPois    .         Spirit   .   (no helmet)
rElec    .         Reflect  .   u - +0 cloak
rCorr    .         Harm     .   v - +1 pair of gloves {Str+3}
MR       .....                  (no boots)
Stlth    ..........             w - amulet of magic regeneration
HPRegen  0.16/turn              (no ring)
MPRegen  0.35/turn              (no ring)

@: lethally poisoned (0 -> -13)
A: molten scales 2, demonic guardian 1, spiny 1
a: no special abilities


You were on level 4 of the Dungeon.
You were not hungry.

You visited 1 branch of the dungeon, and saw 5 of its levels.

You collected 144 gold pieces.

Inventory:

Hand Weapons
 a - a +0 long sword (weapon)
Armour
 b - a +0 scale mail
 c - a +0 kite shield (worn)
 q - a +0 chain mail (worn)
 u - a +0 cloak (worn)
 v - a +1 pair of gloves of strength (worn)
Jewellery
 w - an amulet of magic regeneration (around neck)
 x - an uncursed ring of fire {unknown}
Wands
 h - a wand of clouds (5)
 p - a wand of random effects (23)
Scrolls
 e - 2 scrolls of identify
 g - a scroll of enchant armour
 k - a scroll of remove curse
 l - a scroll of immolation
Potions
 d - a potion of might
 i - a potion of stabbing
 m - a potion of haste
Comestibles
 f - 8 rations
 j - 2 chunks of flesh


   Skills:
 + Level 4.4 Fighting
 + Level 4.0 Long Blades
 + Level 4.0 Armour
 + Level 0.6 Dodging
 + Level 1.6 Stealth
 + Level 3.8 Shields


You had 5 spell levels left.
You didn't know any spells.
Your spell library was empty.

Dungeon Overview and Level Annotations

Branches:
Dungeon (5/15)
 Temple: D:4-7

Altars:
Cheibriados


Innate Abilities, Weirdness & Mutations

You are mostly covered in molten scales. (AC +3)
A weak demonic guardian rushes to your aid.
You are partially covered in sharp spines.


Message History

You kill the orc!
The orc barely misses your shadow imp.
Your shadow imp hits the orc priest.
The gnoll throws a poisoned dart.
The poisoned dart hits you!
You are more poisoned.
Okay, then.
* * * LOW HITPOINT WARNING * * *
You feel sick.
The gnoll shouts!
The orc throws a boomerang.
The boomerang hits you but does no damage.
The weapon returns to the orc!
Your shadow imp closely misses the orc priest.
You block the gnoll's attack.
Some of the chunks of flesh in your inventory have rotted away.
You slash the orc priest!
You kill the orc priest!
Your Armour skill increases to level 4!
* * * LOW HITPOINT WARNING * * *
You feel sick.
The orc throws a boomerang.
The boomerang hits you.
You die...

..... ....###..
.....##....#..... .#
....g............# #..
..................####.#
#..................##...
#.....5g...............#
#............(.........#
#......@......#o......%#
.........)...#.##oh..[....
.........)o5..###..........
##.............##.......$..#
..............%...##...!?......
... ......##o.....##..........#
#...
#.............รท...........
...###.....$................##
#..?##...........##.........#


You could see 2 gnolls, 2 orcs, a friendly quasit (summoned) and a friendly
shadow imp (summoned).

Vanquished Creatures
  Sigmund (D:2)
  An orc wizard (D:3)
  2 orc priests (D:4)
  A hound (D:3)
  Terence (D:2)
  A worker ant (D:2)
  2 gnolls
  3 adders (D:2)
  3 dart slugs
  3 leopard geckos
  11 orcs
  A ball python (D:3)
  3 giant cockroaches
  8 hobgoblins
  A jackal (D:3)
  A ball python skeleton (D:4)
  7 bats
  5 frilled lizards
  9 goblins
  15 kobolds
  8 rats
87 creatures vanquished.

Vanquished Creatures (collateral kills)
  A hound (D:3)
  An orc priest (D:3)
  An adder (D:4)
  An adder skeleton (D:4)
  2 orcs (D:3)
  A frilled lizard (D:4)
7 creatures vanquished.

Grand Total: 94 creatures vanquished

Notes
Turn   | Place    | Note
-------+----------+-------------------------------------------
     0 | D:1      | Peloso the Demonspawn Fighter began the quest for the Orb.
     0 | D:1      | Reached XP level 1. HP: 18/18 MP: 1/1
   350 | D:1      | Gained mutation: You are partially covered in molten
                  | scales. (AC +2) [demonic ancestry]
   350 | D:1      | Reached XP level 2. HP: 24/24 MP: 2/2
   718 | D:1      | Gained mutation: You are partially covered in sharp spines.
                  | [demonic ancestry]
   718 | D:1      | Reached XP level 3. HP: 29/29 MP: 3/3
  1370 | D:2      | Gained mutation: You are mostly covered in molten scales.
                  | (AC +3) [demonic ancestry]
  1370 | D:2      | Reached XP level 4. HP: 34/35 MP: 4/4
  1378 | D:2      | Noticed Terence
  1398 | D:2      | Killed Terence
  1398 | D:2      | Reached skill level 1 in Stealth
  1614 | D:2      | Noticed Sigmund
  1631 | D:2      | Killed Sigmund
  1631 | D:2      | Reached XP level 5. HP: 9/42 MP: 5/5
  1892 | D:2      | Gained mutation: A weak demonic guardian rushes to your
                  | aid. [demonic ancestry]
  1892 | D:2      | Reached XP level 6. HP: 42/49 MP: 6/6
  1912 | D:2      | Found a snail-covered altar of Cheibriados.
  2346 | D:3      | You fall into a shaft and drop 2 floors!
  2346 | D:5      | Entered Level 5 of the Dungeon
  2650 | D:4      | HP: 1/49 [poisoned by a gnoll]
  2650 | D:4      | Hit by a boomerang thrown by an orc

Illustrated notes

Levels and vault maps discovered:
D:1:      dpeg_arrival_chambers_temple_mockup, layout_loops_ring
D:2:      layout_basic, lemuel_doored_altar, uniq_sigmund, uniq_terence
D:3:      minmay_recursive_quarters, layout_loops_cross, first_ration,
          gup_sewer_entry_bowl, chequers_ecumenical_altar_island, st_stairs_6,
          saegor_snake_ambush, uniq_ijyb
D:4:      layout_cave_pools, uniq_crazy_yiuf_cottage
D:5:      layout_basic, lemuel_crystal_altar, nicolae_overflow_crystal_walls,
          overflow_temple_1_default, basic_altar

Skill      XL: |  1  2  3  4  5  6 |
---------------+-------------------+-----
Long Blades    | 2 3 4 |  4.0
Armour         | 3 4 |  4.0
Stealth        | 1 |  1.6
Fighting       | 4 |  4.4
Shields        | 3 |  3.8
Dodging        | |  0.6

Action                   |  1- 3 |  4- 6 || total
-------------------------+-------+-------++-------
Melee: Long sword        |   116 |   120 ||   236
  Use: Potion            |     1 |     3 ||     4
       Scroll            |       |     7 ||     7
  Eat: Chunk             |     2 |     4 ||     6
Armor: Scale mail        |    68 |    13 ||    81
       Chain mail        |       |    66 ||    66
Dodge: Dodged            |    27 |    21 ||    48
Block: Kite shield       |    52 |    76 ||   128
       Rpst.: Long sword |    12 |     8 ||    20
